AoeStats
← Chaves

African Clearing

510833897Analyzed
4v4 RM · 8h ago on Oct 2, 2026· 40m 35s· 8 players
Game mode
Random Map
Map size
Large (8 player)
Population
200
Speed
Normal
Resources
Standard
Victory
Conquest
Starting age
Dark Age
Ending age
Imperial Age
RankedLock teamsTeams togetherTeam positionsShared explorationLock speedFull tech treeHidden civsTurbo modeCheats
Victory
Defeat
🇨🇿 Aztecs · Czechia
1188
+14
🇨🇿 Spanish · Czechia
1178
+15
🇩🇪 Tatars · Germany
1170
+15
🇨🇿 Huns · Czechia
1168
+15
🇧🇷 Wei · Brazil
1182
-16
🇬🇧 Hindustanis · United Kingdom
1167
-16
1138
-14
🇺🇸 Lithuanians · United States
1111
-13
redheadedkiller
3:46 Loom
12:53 Feudal Age
17:46 Forging
17:41 Scale Barding Armor
20:39 Castle Age
20:09 Gold Mining
20:41 Double-Bit Axe
21:38 Bloodlines
27:54 Husbandry
29:43 Bow Saw
30:04 Squires
30:49 Wheelbarrow
36:58 Iron Casting
36:51 Chain Barding Armor
[GDL] REVOLVER CANNABIS
13:49 Feudal Age
14:53 Loom
18:07 Castle Age
16:19 Double-Bit Axe
20:02 Fletching
27:11 Padded Archer Armor
27:13 Horse Collar
Searching for food
12:56 Loom
14:51 Feudal Age
15:11 Man-at-Arms
16:52 Double-Bit Axe
17:47 Horse Collar
27:17 Castle Age
26:21 Scale Mail Armor
26:32 Forging
28:31 Chain Mail Armor
33:24 Squires
Chaves
6:33 Loom
24:31 Feudal Age
25:04 Town Watch
26:46 Gold Mining
28:52 Horse Collar
32:13 Castle Age
31:25 Stone Mining
AlfaV
7:25 Loom
13:33 Feudal Age
18:51 Castle Age
17:04 Fletching
17:29 Double-Bit Axe
17:36 Gold Mining
19:01 Padded Archer Armor
20:20 Bodkin Arrow
21:58 Wheelbarrow
25:24 Ballistics
25:22 Leather Archer Armor
27:28 Hand Cart
31:55 Horse Collar
37:12 Forging
39:46 Imperial Age
39:44 Thumb Ring
39:51 Town Watch
40:58 Parthian Tactics
40:37 Bracer
41:00 Bow Saw
Shadow
5:24 Loom
14:58 Feudal Age
17:54 Double-Bit Axe
18:31 Horse Collar
20:29 Scale Barding Armor
27:35 Castle Age
28:16 Gold Mining
31:25 Husbandry
33:05 Wheelbarrow
32:44 Bow Saw
33:48 Stone Mining
34:20 Chain Barding Armor
34:11 Forging
36:41 Hand Cart
39:57 Padded Archer Armor
Yaachym
5:36 Loom
17:55 Feudal Age
20:04 Horse Collar
21:20 Forging
21:54 Scale Barding Armor
28:21 Castle Age
27:29 Bloodlines
29:54 Wheelbarrow
30:10 Husbandry
30:57 Town Watch
31:42 Hand Cart
32:28 Padded Archer Armor
38:22 Iron Casting
Velkej Pupkajz
12:16 Loom
14:01 Feudal Age
16:51 Double-Bit Axe
19:39 Castle Age
18:06 Forging
19:48 Scale Mail Armor
19:46 Gold Mining
20:17 Eagle Warrior
29:27 Chain Mail Armor
30:38 Wheelbarrow
30:13 Horse Collar
33:53 Hand Cart
33:56 Squires
34:22 Bow Saw
37:59 Arson
39:17 Iron Casting
Connection lost

Rejoining the realm…

Still unreachable

The connection could not be restored.

Session expired

The server has moved on; the page needs a fresh start.